cohdb
Replays
Latest Replays
All Replays
Popular Replays
Top Player Replays
Match Explorer
How It Works
Community
CoH3 Stats
Reddit
Sign in to upload your games and track your stats! →
Sign in with Steam
Match 43071799
Unlisted
Match 43071799
Overview
Messages
Build Orders
End
Construct Weapon Support Center
Selects Advanced Infantry Battlegroup
Engineer Squad
Sniper
Sniper
Engineer Squad
Infantry Support Center
Bazooka Squad
Selects Ammunition Storage
Bazooka Squad
Construct Medical Station
Captain Retinue
Construct Motor Pool
Selects M2A1 105mm Howitzer Emplacement
M24 Chaffee Light Tank
M24 Chaffee Light Tank
Selects 155mm Rapid Artillery Barrage
.30 cal Machine Gun
.30 cal Machine Gun
M24 Chaffee Light Tank
155mm Rapid Artillery Barrage
M24 Chaffee Light Tank
.30 cal Machine Gun
Selects Convert to Ranger Squad
Selects Frontline Medical Station
Frontline Medical Station
M1 Anti-tank Gun Team
155mm Rapid Artillery Barrage
Construct Tank Depot
Selects Infantry Assault
Infantry Assault
Mortar Pit
M4(105) Sherman Bulldozer
Insanegame
X
tiansheng_mao
ö
Weers
Baigaman
simranjitsingh713
Betterdeadthenred
0
0
Comments
sign in to comment!
No comments posted yet!